 Dungeon Crawl Stone Soup version 0.28.0 (webtiles) character file.

Game seed: 17236332536634321098

10 tizbic2 the Ruffian (level 2, -1/18 (21) HPs)
             Began as a Formicid Transmuter on Feb 4, 2022.
             Slain by a kobold (2 damage)
             ... on level 1 of the Dungeon.
             The game lasted 00:02:50 (291 turns).

tizbic2 the Ruffian (Formicid Transmuter)            Turns: 291, Time: 00:02:50

HP:   -1/18 (21)    AC:  5    Str: 14    XL:     2   Next: 30%
MP:   5/5           EV: 10    Int: 12    God:
Gold: 32            SH:  0    Dex: 11    Spells: 4/5 levels left

rFire   . . .      SeeInvis +   a - +0 whip
rCold   . . .      Faith    .   (no shield)
rNeg    . . .      Spirit   .   b - +0 ring mail
rPois   .          Reflect  .   (helmet unavailable)
rElec   .          Harm     .   (no cloak)
rCorr   .          Rampage  .   (no gloves)
Will    .....                   (no boots)
Stlth   +.........              (no amulet)
HPRegen 0.06/turn               (no ring)
MPRegen 0.09/turn               (no ring)

@: heavily drained
A: permanent stasis, dig shafts and tunnels, antennae 3, four strong arms
a: Dig, Shaft Self


You were on level 1 of the Dungeon.
You visited 1 branch of the dungeon, and saw 1 of its levels.

You collected 32 gold pieces.

Inventory:

Hand Weapons
 a - a +0 whip (weapon)
Missiles
 c - 59 stones
Armour
 b - a +0 ring mail (worn)
Scrolls
 d - a scroll of identify {unknown}


   Skills:
 + Level 1.4 Fighting
 * Level 0.5 Maces & Flails
 + Level 0.2 Armour
 - Level 1.8 Dodging
 - Level 3.0 Unarmed Combat
 + Level 2.3 Spellcasting
 + Level 2.3 Transmutations


You had 4 spell levels left.
You knew the following spells:

 Your Spells              Type           Power      Damage    Failure   Level
a - Beastly Appendage     Tmut           14%        N/A       21%         1

Your spell library contained the following spells:

 Spells                   Type           Power      Damage    Failure   Level
 Wereblood                Tmut           7%         N/A       30%         2
 Spider Form              Tmut/Pois      4%         N/A       69%         3
 Ice Form                 Ice/Tmut       4%         N/A       97%         4


Dungeon Overview and Level Annotations

Branches:
Dungeon (1/15)

Altars:


Innate Abilities, Weirdness & Mutations

You cannot be hasted, slowed, berserked, paralysed or teleported.
You can dig through walls and to a lower floor.
You have a pair of large antennae on your head. (SInv)
Your four strong arms can wield two-handed weapons with a shield.


Message History

A kobold comes into view. It is wielding a +0 short sword.
The kobold shouts!
A kobold comes into view. It is wielding a +0 club.
The kobold shouts!
A quokka comes into view.
You extend your mandibles.
You dig through the rock wall.
You feel drained.
You retract your mandibles.
You closely miss the kobold. The kobold barely misses you.
You barely miss the kobold.
The kobold hits you with a +0 short sword.
You closely miss the kobold. The kobold barely misses you. x2
You closely miss the kobold. The kobold hits you with a +0 club.
The kobold hits you but does no damage.
You miss the kobold. The kobold completely misses you. The kobold misses you.
You hit the kobold but do no damage. The kobold hits you with a +0 club.
The kobold hits you with a +0 short sword.
You closely miss the kobold. The kobold hits you with a +0 club.
The kobold barely misses you.
You hit the kobold.
You kill the kobold!
The kobold hits you with a +0 club.
You hit the quokka.
The quokka is severely wounded.
The kobold barely misses you. The quokka misses you.
The kobold closely misses you.
You hit the quokka but do no damage.
The quokka is severely wounded.
The quokka bites you but does no damage.
The kobold completely misses you. The quokka bites you.
* * * LOW HITPOINT WARNING * * *
You closely miss the quokka. You punch the quokka, but do no damage.
The quokka is severely wounded.
The quokka bites you.
* * * LOW HITPOINT WARNING * * *
The kobold hits you but does no damage.
You closely miss the quokka.
The quokka is severely wounded.
The quokka barely misses you. The kobold hits you with a +0 club.
You die...

..............##.##
..................#
......>.....###..##
#....##.#.#.# #..#
#....##.#.#.# #..#
........###.###..#
.....K...........#
.#.#.##.#..##K##
.............r@#
...........#####
..##.####### #. #


You could see a quokka and a kobold.

Vanquished Creatures
  An endoplasm (D:1)
  2 goblins (D:1)
  2 hobgoblins (D:1)
  A bat (D:1)
  2 kobolds (D:1)
  A rat (D:1)
9 creatures vanquished.

Notes
Turn   | Place    | Note
-------+----------+-------------------------------------------
     0 | D:1      | tizbic2 the Formicid Transmuter began the quest for the
                  | Orb.
     0 | D:1      | Reached XP level 1. HP: 15/15 MP: 3/3
   167 | D:1      | Reached XP level 2. HP: 18/19 MP: 5/5
   291 | D:1      | Slain by a kobold

Illustrated notes

Levels and vault maps discovered:
D:1:      dpeg_arrival_ternary, layout_basic

Action                   || total
-------------------------++-------
Melee: Whip              ||    25
       Unarmed           ||     4
       Punch             ||     3
 Cast: Beastly Appendage ||     1
 Abil: Dig               ||     4
Armor: Ring mail         ||    15
Dodge: Dodged            ||    19
